 Dungeon Crawl Stone Soup version 0.31.0-2-g5a2aebc5c2 (webtiles) character file.

Game seed: 1912111394765697333

46 Strat the Digger (level 3, -2/19 HPs)
             Began as a Gargoyle Earth Elementalist on Jan 20, 2024.
             Slain by Terence
             ... wielding a +0 falchion
              (9 damage)
             ... on level 2 of the Dungeon.
             The game lasted 00:03:53 (1592 turns).

Strat the Digger (Gargoyle Earth Elementalist)      Turns: 1592, Time: 00:03:54

Health: -2/19      AC:  6    Str: 11    XL:     3   Next: 66%
Magic:  5/6        EV: 11    Int: 17    God:
Gold:   36         SH:  0    Dex: 10    Spells: 2/6 levels left

rFire   . . .        c - +0 short sword
rCold   . . .        (no shield)
rNeg    + . .        a - +0 robe
rPois   ∞            (no helmet)
rElec   +            (no cloak)
rCorr   .            i - +0 pair of gloves
SInv    .            (no boots)
Will    .....        (no amulet)
Stlth   ++           (no ring)
HPRegen 0.23/turn    (no ring)
MPRegen 0.10/turn

%: no passive effects
@: very slightly contaminated
A: sickness immunity, AC +3, negative energy resistance 1, electricity
resistance, torment resistance 1, petrification resistance
a: no special abilities


You were on level 2 of the Dungeon.
You visited 1 branch of the dungeon, and saw 2 of its levels.

You collected 36 gold pieces.

Inventory:

Hand Weapons
 c - a +0 short sword (weapon)
Armour
 a - a +0 robe (worn)
 i - a +0 pair of gloves (worn)
Jewellery
 d - an amulet of reflection
 f - a +5 ring of evasion
Scrolls
 g - a scroll of poison {unknown}
 h - a scroll of enchant armour {unknown}
 j - a scroll of teleportation {unknown}
 k - a scroll of fog {unknown}
Potions
 e - a potion of might {unknown}


   Skills:
 - Level 1.5 Dodging
 - Level 2.1 Stealth
 - Level 2.0 Spellcasting
 * Level 2.7 Conjurations
 * Level 4.6 Earth Magic


You had 2 spell levels left.
You knew the following spells:

 Your Spells              Type           Power      Damage    Failure   Level
a - Sandblast             Erth           34%        2d9       3%          1
b - Stone Arrow           Conj/Erth      28%        3d8       13%         3

Your spell library contained the following spells:

 Spells                   Type           Power      Damage    Failure   Level
 Necrotise                Necr           4%         1d4       19%         1
 Passwall                 Erth           17%        N/A       9%          3
 Brom's Barrelling Bould  Conj/Erth      14%        2d4       38%         4
 Vampiric Draining        Necr           1%         2d6       50%         3
 Petrify                  Alch/Erth      9%         N/A       58%         4
 Martyr's Knell           Necr/Summ      1%         N/A       88%         4
 Curse of Agony           Necr           1%         N/A       99%         5


Dungeon Overview and Level Annotations

Branches:
Dungeon (2/15)

Altars:

Shops:
D:2 [=*

Annotations:
D:2 Terence


Innate Abilities, Weirdness & Mutations

You are immune to sickness and miasma.
Your stone body is resilient. (AC +3)
You are immune to poison.
You resist negative energy. (rN+)
You are resistant to electric shocks. (rElec)
You are resistant to unholy torment.
You are immune to petrification.


Message History

The blast of sand hits Terence.
Terence is lightly wounded.
Terence hits you with a +0 falchion.
Casting: Sandblast (safe; 3% risk of failure)
Confirm with . or Enter, or press ? or * to list all spells.
Aiming: Sandblast (safe; 3% risk of failure)
Press: ? - help, Shift-Dir - straight line, f/p - Terence
Aim: Terence, wielding a +0 falchion and wearing a +0 scale mail (lightly wounded, 84% to hit)
The blast of sand hits Terence.
Terence is heavily wounded.
Terence hits you but does no damage. Terence hits you with a +0 falchion.
Casting: Sandblast (safe; 3% risk of failure)
Confirm with . or Enter, or press ? or * to list all spells.
Aiming: Sandblast (safe; 3% risk of failure)
Press: ? - help, Shift-Dir - straight line, f/p - Terence
Aim: Terence, wielding a +0 falchion and wearing a +0 scale mail (heavily wounded, 84% to hit)
You miscast Sandblast.
You are very lightly contaminated with residual magic.
Nothing appears to happen.
Terence hits you with a +0 falchion.
* * * LOW HITPOINT WARNING * * *
Casting: Sandblast (safe; 3% risk of failure)
Confirm with . or Enter, or press ? or * to list all spells.
Aiming: Sandblast (safe; 3% risk of failure)
Press: ? - help, Shift-Dir - straight line, f/p - Terence
Aim: Terence, wielding a +0 falchion and wearing a +0 scale mail (heavily wounded, 84% to hit)
The blast of sand hits Terence but does no damage.
Terence is heavily wounded.
Terence hits you but does no damage. Magic courses through your body.
Terence hits you with a +0 falchion.
* * * LOW HITPOINT WARNING * * *
Casting: Sandblast (safe; 3% risk of failure)
Confirm with . or Enter, or press ? or * to list all spells.
Aiming: Sandblast (safe; 3% risk of failure)
Press: ? - help, Shift-Dir - straight line, f/p - Terence
Aim: Terence, wielding a +0 falchion and wearing a +0 scale mail (heavily wounded, 84% to hit)
The blast of sand hits Terence.
Terence is severely wounded.
Terence hits you with a +0 falchion!
You die...
Terence says, "Time to find some more victims."

..... ##≈≈#### .<..∩..+ ..#
##≈≈#### ..# #..#.# ..# #.
#..#.##+ #.# .#. #..#... #..
... #.......###.####### #.#
#...#..........@@.# #.#
#...#######.#####.###.#
......#####.###.#.##..#
.#'#............#.....#
8#'#8..####.###.#####.#
##+###................#
+'∩'++.##..........#..######.
##'###..+....................
8#'#8...#..........##########


You could see Terence.

Vanquished Creatures
  A ribbon worm (D:2)
  5 bats
  2 endoplasms
  3 giant cockroaches (D:1)
  4 goblins
  3 hobgoblins (D:1)
  3 jackals (D:1)
  4 kobolds (D:1)
  2 quokkas (D:1)
  2 ball pythons (D:1)
  2 frilled lizards (D:1)
  9 rats
40 creatures vanquished.

Notes
Turn   | Place    | Note
-------+----------+-------------------------------------------
     0 | D:1      | Strat the Gargoyle Earth Elementalist began the quest for
                  | the Orb.
     0 | D:1      | Reached XP level 1. HP: 10/10 MP: 3/3
   149 | D:1      | Reached XP level 2. HP: 15/15 MP: 0/5
   250 | D:1      | Reached skill level 4 in Earth Magic
   620 | D:1      | Reached XP level 3. HP: 19/19 MP: 3/6
  1060 | D:1      | Found a faded altar of an unknown god.
  1099 | D:2      | Found Aprexukk's Jewellery Shop.
  1358 | D:2      | Noticed Terence
  1463 | D:2      | Found Woublad's Antique Armour Boutique.
  1482 | D:2      | Found Kieroo's Assorted Antiques.
  1576 | D:2      | Learned a level 3 spell: Stone Arrow
  1592 | D:2      | Slain by Terence

Illustrated notes

Levels and vault maps discovered:
D:1:      matt_arrival_spirals, layout_basic, chequers_ecumenical_altar_twisty,
          st_stairs_8, minmay_worlds_worst_comb
D:2:      minmay_diamond_boxcup, layout_basic, basic_altar, serial_shops,
          nicolae_shop_behind_doors, shop_coins, nicolae_shop_real_fake_doors,
          nicolae_shop_hallway_stairs, chequers_arboretum, uniq_terence

Skill      XL: |  1  2 |
---------------+-------+-----
Earth Magic    | 4 |  4.6
Conjurations   | 2 |  2.7
Dodging        | |  1.5
Stealth        | |  2.1
Spellcasting   | |  2.0

Action                     || total
---------------------------++-------
  Melee: Short sword       ||    14
   Cast: Sandblast         ||    57
    Use: Potion            ||     1
 Armour: Robe              ||    19
  Dodge: Dodged            ||    13
